 Dungeon Crawl Stone Soup version 0.18-a0-619-g89c329e (webtiles) character file.

41030 4thArraOfDagon the Corrupter of Planes (level 13, 0/94 HPs)
             Began as a Demonspawn Abyssal Knight on Dec 4, 2015.
             Was the Champion of Lugonu.
             Slain by an orc warrior
             ... wielding a +0 scimitar
              (26 damage)
             ... on level 4 of the Orcish Mines.
             The game lasted 01:17:26 (13832 turns).

4thArraOfDagon the Corrupter of Planes (DsAK)      Turns: 13832, Time: 01:17:26

Health: 0/94       AC: 15    Str: 20    XL:     13   Next: 77%
Magic:  25/25      EV: 13    Int: 15    God:    Lugonu [******]
Gold:   2409       SH:  0    Dex: 14    Spells: 1 memorised, 12 levels left

rFire  . . .     SeeInvis .     X - +4 battleaxe (freeze)
rCold  + . .     Clarity  .     U - +3 troll leather armour
rNeg   . . .     SustAt   .     (shield currently unavailable)
rPois  .         Gourm    .     m - +0 helmet
rElec  .         Spirit   .     b - +0 cloak
rCorr  .         Dismiss  .     W - +0 pair of gloves
rMut   .         Stasis   .     (no boots)
MR     +....                    C - amulet of regeneration
Stlth  +++.......               H - ring of protection from cold
                                g - +5 ring of strength

@: drained, somewhat resistant to hostile enchantments, fairly stealthy
A: hooves 2, slimy green scales 2, agile 1, demonic guardian 1, dopey 1, magic
resistance 1, mutation resistance 1, nightstalker 2, subdued magic 1
a: Depart the Abyss, Bend Space, Banish, Corrupt, Enter the Abyss, Brand Weapon
With Distortion, Renounce Religion


You were on level 4 of the Orcish Mines.
You worshipped Lugonu.
Lugonu was exalted by your worship.
You were not hungry.

You visited 2 branches of the dungeon, and saw 19 of its levels.
You visited the Abyss 1 time.
You also visited: Sewer, Ossuary, Bailey, Ice Cave and Volcano.

You collected 2696 gold pieces.
You spent 285 gold pieces at shops.

Inventory:

Hand Weapons
 v - a +0 hand axe of flaming
 x - a +1 spear of venom
 X - a +4 battleaxe of freezing (weapon)
Missiles
 Z - 10 throwing nets (quivered)
Armour
 b - a +0 cloak (worn)
 m - a +0 helmet (worn)
 U - a +3 troll leather armour (worn)
 W - a +0 pair of gloves (worn)
Jewellery
 g - a +5 ring of strength (left hand)
 n - a +3 ring of strength
 r - an uncursed ring of protection from fire
 w - a +5 ring of dexterity
 C - an amulet of regeneration (around neck)
 H - a ring of protection from cold (right hand)
 S - a +3 ring of intelligence
Wands
 a - a wand of fire (11)
 o - a wand of random effects (10)
 p - a wand of fireball (7)
 t - a wand of invisibility (0)
 y - a wand of confusion (11)
 E - a wand of draining (4)
 R - a wand of polymorph (5)
 T - a wand of fire (2)
 Y - a wand of confusion (27)
Scrolls
 k - 12 scrolls of remove curse
 q - 6 scrolls of teleportation
 B - a scroll of blinking
 D - 2 scrolls of noise
 J - 3 scrolls of fog
 O - 2 scrolls of immolation
 P - a scroll of holy word
 Q - a scroll of fear
Potions
 d - 3 potions of heal wounds
 f - a potion of cancellation {unknown}
 i - a potion of cure mutation
 j - 4 potions of might
 l - 9 potions of agility
 u - a potion of magic
 F - 6 potions of curing
 G - 3 potions of brilliance
 I - 3 potions of flight
 K - 2 potions of invisibility
 L - a potion of haste
 M - 5 potions of berserk rage
 V - a potion of lignification
Miscellaneous
 e - a plain deck of defence {the Shaft, drawn: 6}
 h - a sack of spiders
Comestibles
 c - 8 bread rations
 s - 10 meat rations
 z - 6 beef jerkies
 A - 8 slices of pizza


   Skills:
 - Level 6.4(6.3) Fighting
 * Level 9.9(10.9) Axes
 - Level 8.2(10.1) Polearms
 + Level 9.2(9.1) Armour
 - Level 4.0(3.9) Dodging
 + Level 2.6(2.5) Spellcasting
 * Level 4.2(4.0) Translocations
 * Level 17.0(16.9) Invocations
 - Level 5.0(4.8) Evocations


You had 12 spell levels left.
You knew the following spells:

 Your Spells              Type           Power        Failure   Level  Hunger
a - Phase Shift           Tloc           #.........   90%         5    ######.


Dungeon Overview and Level Annotations

Branches:
Dungeon (15/15)            Temple (0/1) D:6            Lair (0/8) D:10
    Orc (4/4) D:11            Elf (0/3) Orc:4        Vaults (0/5) D:13
 Depths: D:15

Altars:
Ashenzari
Kikubaaqudgha
Trog
Beogh

Shops:
D:4 ?   D:12 =

Annotations:
D:10 Fannar
D:13 Azrael, Rupert
Abyss:1 Kirke, Maud


Innate Abilities, Weirdness & Mutations

You have hoof-like feet.
You are mostly covered in slimy green scales (AC +3).
A weak demonic guardian rushes to your aid.
You are significantly more attuned to the shadows.
You are agile. (Dex +2)
You are dopey. (Int -2)
You are resistant to hostile enchantments.
You are somewhat resistant to further mutation.
Your spells are a little easier to cast, but a little less powerful.


Message History

You slice the orc knight!! You freeze the orc knight.
The orc knight is almost dead.
You slash the orc warrior! You freeze the orc warrior.
The orc warrior is moderately wounded.
The orc knight hits you with an uncursed glaive!!
Your crimson imp barely misses the orc knight.
The orc warrior hits you but does no damage.
Unknown command.
You closely miss the orc knight.
You kick the orc knight, but do no damage.
The orc knight is almost dead.
You slash the orc warrior! You freeze the orc warrior.
The orc warrior is severely wounded.
Your crimson imp barely misses the orc knight.
The orc knight roars a battlecry!
The orc warrior goes into a battle-frenzy!
The orc knight hits you with an uncursed glaive!
* * * LOW HITPOINT WARNING * * *
The orc warrior hits you with a scimitar!!
You die...

.........##..# ##..##..##...#
........o...# .........(..##
##########)..# ## ##()##
##.###))(# #....##o.#
##....@5(## ###(..o..## .
#...(....### .. #...(o....#.##
... .....###............#
..........##............####
..........#........>.......##
.....#.(....................#
....#.....)).....##.........##


You could see an orc knight, 2 orc warriors and a friendly crimson imp.

Vanquished Creatures
  Nessos (Volcano)
  2 centaur warriors (D:14)
  Harold (Orc:1)
  A tengu warrior (D:15)
  An unseen horror (D:12)
  4 hill giants
  Pikel (D:5)
  A wizard (D:15)
  A necromancer (D:13)
  2 orc knights
  An ugly thing (D:15)
  2 gargoyles
  3 ice statues (IceCv)
  Psyche (D:8)
  An efreet (D:13)
  A yaktaur (Volcano)
  2 two-headed ogres (D:12)
  A harpy skeleton (D:15)
  6 trolls
  A water elemental (D:14)
  A wyvern (D:13)
  Sigmund (D:4)
  A human (D:9)
  5 hogs (D:13)
  2 wraiths
  14 yaks
  2 deep elf magi
  A fire elemental (D:13)
  4 hippogriffs
  2 hungry ghosts
  2 vampire mosquitoes (D:13)
  5 wargs
  A mottled dragon (D:11)
  A hell hound (D:13)
  A water moccasin (D:9)
  35 orc warriors
  12 ice beasts
  A black bear (D:10)
  An eye of draining (D:13)
  2 necrophages (D:10)
  A slave (D:5)
  3 sky beasts
  14 centaurs
  9 ogres
  4 phantoms
  3 big kobolds
  8 gnoll sergeants (Bailey)
  7 giant frogs
  2 elf zombies (Ossuary)
  3 wyvern skeletons
  4 scorpions
  12 wights
  6 killer bees
  3 crimson imps
  2 wasp zombies
  4 centaur zombies
  A jelly (D:11)
  A giant frog skeleton (D:12)
  6 hounds
  A giant frog zombie (D:5)
  A human zombie (Ossuary)
  4 centaur skeletons
  23 orc wizards
  6 gnoll shamans (Bailey)
  26 orc priests
  14 worker ants
  4 iguanas
  4 sheep (D:9)
  A big kobold zombie (Ossuary)
  4 mummies
  A worker ant zombie (D:11)
  15 gnolls
  14 adders
  3 shadow imps
  12 white imps (Orc:1)
  4 oozes
  4 adder skeletons
  8 adder zombies
  A worm (D:2)
  8 giant geckos
  195 orcs
  7 bats
  7 giant cockroaches
  7 goblins
  4 hobgoblins
  4 jackals (D:2)
  3 quokkas
  4 ball pythons
  2 giant gecko skeletons
  9 giant newts
  5 goblin zombies (Ossuary)
  3 hobgoblin zombies
  A jackal skeleton (D:5)
  2 jackal zombies (Ossuary)
  22 kobolds
  5 kobold zombies
  2 orc zombies (Ossuary)
  2 quokka skeletons
  6 quokka zombies (Ossuary)
  5 rats
  A rat zombie (Ossuary)
675 creatures vanquished.

Vanquished Creatures (collateral kills)
  An orc knight (Orc:3)
  A centaur zombie (D:13)
  A centaur skeleton (D:13)
  A troll (D:12)
  A hog (D:13)
  An orc warrior (Orc:4)
  2 ice beasts (D:8)
  An ogre (D:8)
  A slave (D:5)
  2 phantoms
  A big kobold (Sewer)
  A centaur (Orc:4)
  A hound (D:8)
  2 orc priests
  7 orcs
  A giant cockroach (D:7)
  3 kobolds
  A giant gecko zombie (D:7)
29 creatures vanquished.

Vanquished Creatures (others)
  2 hydras
  The ghost of Duffy the Cleaver, a journeyman VSFi of Makhleb (D:12)
  2 tengu warriors
  An unseen horror (D:15)
  A death drake (shapeshifter) (D:14)
  A slime creature (D:11)
  An orc knight (Orc:3)
  11 ugly things
  A manticore (D:12)
  2 orc sorcerers
  A vampire (D:15)
  A hungry ghost (D:14)
  2 orc warriors
  A wight (D:15)
  An orc wizard (D:5)
  A worker ant (D:13)
  An adder (D:3)
  An orc (D:5)
32 creatures vanquished.

Grand Total: 736 creatures vanquished

Notes
Turn   | Place    | Note
--------------------------------------------------------------
     0 | Abyss:1  | 4thArraOfDagon the Demonspawn Abyssal Knight began the quest for the Orb.
     0 | Abyss:1  | Reached XP level 1. HP: 18/18 MP: 2/2
    34 | Abyss:2  | Noticed a raiju
    36 | D:1      | Escaped the Abyss
    59 | D:1      | Reached skill level 1 in Dodging
    93 | D:1      | Reached * piety under Lugonu
   112 | D:1      | Gained mutation: You are slightly more attuned to the shadows. [demonic ancestry]
   112 | D:1      | Reached XP level 2. HP: 18/24 MP: 3/3
   642 | D:2      | Gained mutation: You are partially covered in slimy green scales (AC +2). [demonic ancestry]
   642 | D:2      | Reached XP level 3. HP: 29/29 MP: 5/5
   815 | D:2      | Reached ** piety under Lugonu
   820 | D:2      | Found a bloodstained altar of Trog.
  1293 | D:3      | Gained mutation: A weak demonic guardian rushes to your aid. [demonic ancestry]
  1293 | D:3      | Reached XP level 4. HP: 25/35 MP: 6/6
  1337 | D:3      | Reached skill level 4 in Invocations
  1656 | D:3      | Reached XP level 5. HP: 38/41 MP: 8/8
  1867 | D:4      | Noticed Sigmund
  1875 | D:5      | Entered Level 5 of the Dungeon
  1967 | D:5      | Noticed a slave
  1967 | D:5      | Noticed a slave
  1968 | D:5      | Noticed Pikel
  1990 | D:5      | Killed a slave
  2007 | D:5      | Killed a slave
  2030 | D:5      | Noticed a slave
  2035 | D:5      | Noticed a slave
  2060 | D:5      | Killed Pikel
  2060 | D:5      | Reached skill level 5 in Invocations
  2060 | D:5      | Gained mutation: You have large cloven feet. [demonic ancestry]
  2060 | D:5      | Reached XP level 6. HP: 41/48 MP: 8/10
  2060 | D:5      | Gained mutation: You are significantly more attuned to the shadows. [demonic ancestry]
  2060 | D:5      | Reached XP level 7. HP: 46/54 MP: 8/11
  2166 | D:5      | Reached skill level 6 in Invocations
  2468 | D:4      | Found Fuyschudgh's Magic Scroll Boutique.
  2474 | D:4      | Bought a scroll of teleportation for 33 gold pieces
  2474 | D:4      | Bought a scroll of blinking for 82 gold pieces
  2474 | D:4      | Bought a scroll of enchant armour for 82 gold pieces
  2474 | D:4      | Bought a scroll of identify for 22 gold pieces
  2474 | D:4      | Bought a scroll of remove curse for 33 gold pieces
  2474 | D:4      | Bought a scroll of identify for 22 gold pieces
  2474 | D:4      | Bought a scroll of noise for 11 gold pieces
  2492 | D:4      | Reached *** piety under Lugonu
  2667 | D:4      | Killed Sigmund
  2764 | D:6      | Found a glowing drain.
  2785 | Sewer    | Entered a sewer
  2798 | Sewer    | umm
  2885 | Sewer    | Reached XP level 8. HP: 53/61 MP: 13/13
  3000 | Sewer    | Reached **** piety under Lugonu
  3009 | Sewer    | Reached skill level 7 in Invocations
  3022 | Sewer    | CORRUPTION
  3056 | D:6      | Found a shattered altar of Ashenzari.
  3083 | D:6      | Found a sand-covered staircase.
  3096 | Ossuary  | Entered an ossuary
  3150 | Ossuary  | Reached skill level 5 in Polearms
  3629 | Ossuary  | Reached ***** piety under Lugonu
  3895 | D:6      | Reached skill level 8 in Invocations
  3929 | D:6      | Reached skill level 5 in Fighting
  4541 | D:7      | Gained mutation: You are mostly covered in slimy green scales (AC +3). [demonic ancestry]
  4541 | D:7      | Reached XP level 9. HP: 59/68 MP: 15/15
  4590 | D:7      | Reached skill level 9 in Invocations
  4852 | D:8      | Found an ancient bone altar of Kikubaaqudgha.
  5211 | D:8      | Noticed Psyche
  5291 | D:8      | Killed Psyche
  5291 | D:8      | Reached skill level 10 in Invocations
  5317 | D:8      | Reached skill level 5 in Armour
  5705 | D:9      | Reached ****** piety under Lugonu
  5710 | D:9      | Reached XP level 10. HP: 48/76 MP: 18/18
  5903 | D:9      | Reached skill level 11 in Invocations
  6391 | D:10     | Entered Level 10 of the Dungeon
  6950 | D:10     | Reached skill level 1 in Axes
  7032 | D:10     | Found a staircase to the Lair.
  7059 | D:10     | Noticed Fannar
  7303 | D:11     | Noticed a brown ugly thing
  7308 | D:11     | Banished a brown ugly thing
  7308 | D:11     | Reached skill level 12 in Invocations
  7551 | D:11     | Gained mutation: You are dopey. (Int -2) [mutagenic meat]
  7552 | D:11     | Gained mutation: You are resistant to hostile enchantments. [mutagenic meat]
  7553 | D:11     | Gained mutation: You are agile. (Dex +2) [mutagenic meat]
  7554 | D:11     | Gained mutation: You are somewhat resistant to further mutation. [mutagenic meat]
  7636 | D:11     | Found a staircase to the Orcish Mines.
  7708 | D:11     | Noticed a hill giant
  7780 | D:11     | Killed a hill giant
  7893 | D:11     | Gained mutation: You have hoof-like feet. [demonic ancestry]
  7893 | D:11     | Reached XP level 11. HP: 68/83 MP: 20/20
  8103 | D:11     | Reached skill level 13 in Invocations
  8374 | D:12     | Noticed a four-headed hydra
  8435 | D:12     | Found a flagged portal.
  8442 | Bailey   | Entered a bailey
  8526 | Bailey   | Reached skill level 5 in Axes
  9022 | D:12     | Noticed a hill giant
  9041 | D:12     | Killed a hill giant
  9175 | D:12     | Found Xigiol's Jewellery Shoppe.
  9201 | D:12     | Killed an unseen horror
  9201 | D:12     | Reached skill level 14 in Invocations
  9300 | D:12     | Noticed Duffy's ghost (journeyman VSFi)
  9300 | D:12     | Banished Duffy's ghost
  9591 | D:13     | Reached skill level 1 in Evocations
  9626 | D:13     | Noticed Kirke
  9702 | D:13     | Reached XP level 12. HP: 64/89 MP: 23/23
  9724 | D:15     | Entered Level 15 of the Dungeon
  9884 | D:13     | Banished Kirke
  9884 | D:13     | Reached skill level 15 in Invocations
 10013 | D:13     | Noticed Rupert
 10054 | D:13     | Noticed a six-headed hydra
 10128 | D:14     | Noticed a centaur warrior
 10148 | D:14     | Killed a centaur warrior
 10337 | D:15     | Gained mutation: Your spells are a little easier to cast, but a little less powerful. [potion of mutation]
 10385 | D:15     | Learned a level 5 spell: Phase Shift
 10768 | D:14     | Noticed a seven-headed hydra
 10802 | D:14     | Banished a five-headed hydra
 10802 | D:14     | Reached skill level 16 in Invocations
 10890 | D:14     | Noticed a centaur warrior
 10899 | D:14     | Killed a centaur warrior
 11080 | D:13     | Reached XP level 13. HP: 73/94 MP: 25/25
 11146 | D:13     | Reached skill level 1 in Translocations
 11186 | D:13     | Found a gate to the Vaults.
 11465 | D:13     | Noticed Azrael
 11694 | Orc:1    | Entered Level 1 of the Orcish Mines
 11744 | Orc:1    | Reached skill level 1 in Spellcasting
 11762 | Orc:1    | Found a dark tunnel.
 11767 | Volcano  | Entered a volcano
 11834 | Volcano  | Noticed Nessos
 11862 | Volcano  | Killed Nessos
 11939 | Orc:1    | Found a frozen archway.
 11968 | IceCv    | Entered an ice cave
 12246 | Orc:1    | Noticed Harold
 12248 | Orc:1    | Found a roughly hewn altar of Beogh.
 12255 | Orc:1    | Killed Harold
 12410 | Orc:2    | Reached skill level 5 in Evocations
 13040 | Orc:3    | Noticed Maud
 13053 | Orc:3    | Banished Maud
 13097 | Orc:3    | Found a roughly hewn altar of Beogh.
 13259 | Orc:4    | Entered Level 4 of the Orcish Mines
 13519 | Orc:4    | Found a staircase to the Elven Halls.
 13571 | Orc:4    | Reached skill level 17 in Invocations
 13832 | Orc:4    | Slain by an orc warrior

Vault maps used:
D:1:      zelgadis_glass_arrival_small, serial_forest,
          infiniplex_forest_lined_3, infiniplex_forest_straight_3,
          infiniplex_forest_clump_C, infiniplex_forest_corner_1,
          minmay_newt_pond
D:2:      bloody_trog, serial_bayou, serial_bayou_pond_d, serial_bayou_shore_b,
          serial_bayou_pond_d, serial_bayou_ford_a
D:3:      first_bread
D:4:      kennysheep_goblin_castle, serial_shops,
          nicolae_shop_temple_entry_statues_fountains, uniq_crazy_yiuf_cottage,
          uniq_sigmund
D:5:      uniq_pikel
D:6:      lemuel_temple_firewalk_marked, nicolae_ossuary_entry_giza,
          portal_sewer_entry_f, cheibrodos_ashenzari_chains
D:8:      kennysheep_ambush_hall, kiku_gazebo_pond_becter, uniq_psyche
D:9:      grunt_livestock, kennysheep_generic_room_12
D:10:     lair_0_dummy, uniq_fannar
D:11:     hiddenorc1_lemuel
D:12:     enter_bailey_2, serial_shops, kennysheep_mini_moat
D:13:     david_vaults_1, grunt_decor_fettered, uniq_rupert, uniq_kirke,
          uniq_azrael
D:14:     nicolae_tso_swordbearing_angel
D:15:     hangedman_depths_entry_try_elsewhere_first, minivault_14,
          minmay_librarian
Orc:1:    nicolae_volcano_entry_s_turn, portal_ice_cave_entry_imps, basic_altar,
          uniq_harold
Orc:3:    basic_altar, nicolae_orc_pool_cavern, minmay_orc_barracks, uniq_maud
Orc:4:    st_orc_rangers
Abyss:1:  kilobyte_mutagenic_chamber
Sewer:    kennysheep_pipe_town
Ossuary:  minmay_ossuary_two_tombs
Bailey:   bailey_polearm_gnolls_kennysheep, bailey
IceCv:    ice_cave_statue_garden_02
Volcano:  volcano_pools

Action                   |  1- 3 |  4- 6 |  7- 9 | 10-12 | 13-15 || total
-------------------------+-------+-------+-------+-------+-------++-------
Melee: Spear             |   183 |   111 |   921 |   330 |     6 ||  1551
       Dagger            |    21 |       |    12 |       |       ||    33
       Battleaxe         |       |       |       |   583 |   492 ||  1075
       Halberd           |       |       |       |    35 |       ||    35
       Scimitar          |       |       |       |     2 |       ||     2
Throw: Throwing net      |       |       |       |       |     2 ||     2
Invok: Depart the Abyss  |     1 |       |       |       |       ||     1
       Banish            |       |       |       |    30 |     8 ||    38
       Bend Space        |       |       |       |     2 |       ||     2
Evoke: Deck              |     3 |     3 |       |       |       ||     6
       Wand              |     1 |     4 |     9 |     8 |     3 ||    25
  Use: Potion            |     1 |     3 |       |     3 |       ||     7
       Scroll            |       |       |    14 |    15 |     5 ||    34
 Stab: Sleeping          |     1 |     1 |    25 |    27 |     4 ||    58
       Distracted        |     1 |     3 |     5 |     8 |     4 ||    21
       Invisible         |     4 |       |       |       |       ||     4
       Confused          |       |       |     5 |     9 |     1 ||    15
       Held in net/web   |       |       |       |       |     1 ||     1
  Eat: Chunk             |     2 |     3 |    10 |    36 |     8 ||    59
       Fruit             |       |       |     3 |     4 |     2 ||     9
       Pizza             |       |       |     1 |     2 |       ||     3
       Royal jelly       |       |       |       |       |     1 ||     1
